 Dungeon Crawl Stone Soup version 0.18.1-48-g4cf74bf (webtiles) character file.

298 GFox the Ruffian (level 6, -1/53 HPs)
             Began as a Minotaur Monk on Aug 30, 2016.
             Shot with an arrow by a centaur (10 damage)
             ... on level 4 of the Dungeon.
             The game lasted 00:17:08 (3273 turns).

GFox the Ruffian (Minotaur Monk)                    Turns: 3273, Time: 00:17:10

Health: -1/53      AC:  3    Str: 18    XL:     6   Next: 13%
Magic:  5/5        EV: 14    Int:  7    God:
Gold:   84         SH:  0    Dex: 12    Spells: 0 memorised, 5 levels left

rFire  . . .     SeeInvis .       - Unarmed
rCold  . . .     Gourm    .     a - +0 robe
rNeg   . . .     Faith    .     (no shield)
rPois  .         Spirit   .     (helmet restricted)
rElec  .         Dismiss  .     (no cloak)
rCorr  .         Reflect  .     r - +0 pair of gloves
SustAt .         Harm     .     (no boots)
MR     .....                    (no amulet)
Stlth  ++........               (no ring)
                                (no ring)

@: not resistant to hostile enchantments, unstealthy
A: retaliatory headbutt, horns 2
a: no special abilities


You were on level 4 of the Dungeon.
You were not hungry.

You visited 1 branch of the dungeon, and saw 4 of its levels.

You collected 84 gold pieces.

Inventory:

Armour
 a - a +0 robe (worn)
 r - a +0 pair of gloves (worn)
Scrolls
 c - a scroll of enchant weapon
 n - 2 scrolls of recharging
 q - 2 scrolls of remove curse
Potions
 d - a potion of brilliance
 e - a potion of lignification {unknown}
 g - a potion of heal wounds
 k - a potion of agility
 m - a potion of ambrosia {unknown}
 p - a potion of haste {unknown}
Comestibles
 b - 2 bread rations
 f - 5 fruits
 h - 4 chunks of flesh
 i - a slice of pizza
 j - a beef jerky
 l - a meat ration


   Skills:
 + Level 4.6 Fighting
 + Level 5.2 Dodging
 + Level 2.6 Stealth
 + Level 5.9 Unarmed Combat


You had 5 spell levels left.
You didn't know any spells.

Dungeon Overview and Level Annotations

Branches:
Dungeon (4/15)
 Temple: D:4-7

Altars:


Innate Abilities, Weirdness & Mutations

You reflexively headbutt those who attack you in melee.
You have a pair of horns on your head.


Message History

The arrow hits you. The giant frog skeleton hits you.
You punch the hound!
The hound is heavily wounded.
The centaur shoots an arrow.
The arrow hits you!
* * * LOW HITPOINT WARNING * * *
The hound closely misses you.
The giant frog skeleton completely misses you.
The centaur shoots an arrow.
The arrow barely misses you.
A giant frog skeleton comes into view.
You barely miss the hound. You headbutt the hound!
You kill the hound!
You have reached level 6!
Your experience leads to an increase in your attributes!
Increase (S)trength, (I)ntelligence, or (D)exterity?
You feel stronger. The giant frog skeleton misses you. You furiously retaliate!
You headbutt the giant frog skeleton!
You destroy the giant frog skeleton!
The centaur shoots an arrow.
The arrow hits you!
You die...

.............+
##......# .
###.....).# ..
.##.#<..###+###
..................
....##+###.....###
.#...(.(.......#
.......>.......#
.......@W(....#...
##.....†......#.##
#............# #
########.c...#
##..Z.# .##.# .#
.# .# #


You could see a phantom, a centaur and a giant frog skeleton.

Vanquished Creatures
  A hound (D:4)
  An iguana (D:3)
  A giant frog skeleton (D:4)
  Ijyb (D:3)
  An orc wizard (D:3)
  A killer bee zombie (D:4)
  6 adders
  An ooze (D:1)
  2 worms (D:2)
  4 dart slugs
  6 orcs (D:3)
  12 bats
  4 giant cockroaches
  7 hobgoblins
  A quokka (D:3)
  A ball python (D:3)
  4 giant newts
  7 goblins
  10 kobolds
  5 rats
76 creatures vanquished.

Notes
Turn   | Place    | Note
--------------------------------------------------------------
     0 | D:1      | GFox the Minotaur Monk began the quest for the Orb.
     0 | D:1      | Reached XP level 1. HP: 19/19 MP: 0/0
   418 | D:1      | Reached XP level 2. HP: 15/26 MP: 1/1
   564 | D:1      | Reached skill level 5 in Unarmed Combat
   695 | D:1      | Reached XP level 3. HP: 32/33 MP: 2/2
  1421 | D:2      | Reached XP level 4. HP: 40/40 MP: 3/3
  2019 | D:3      | Noticed Ijyb
  2026 | D:3      | Killed Ijyb
  2026 | D:3      | Reached XP level 5. HP: 28/46 MP: 4/4
  3257 | D:4      | Reached skill level 5 in Dodging
  3264 | D:4      | Noticed a centaur
  3264 | D:4      | Noticed a phantom
  3273 | D:4      | Reached XP level 6. HP: 9/53 MP: 5/5
  3273 | D:4      | Shot with an arrow by a centaur

Skill      XL: |  1  2  3  4  5 |
---------------+----------------+-----
Unarmed Combat | 5 |  5.9
Dodging        | 4 5 |  5.2
Fighting       | 4 |  4.6
Stealth        | 2 |  2.6

Action                   |  1- 3 |  4- 6 || total
-------------------------+-------+-------++-------
Melee: Unarmed           |    82 |    95 ||   177
       Headbutt          |    11 |    17 ||    28
       Punch             |     1 |     2 ||     3
  Use: Scroll            |       |     8 ||     8
 Stab: Sleeping          |     2 |     2 ||     4
  Eat: Chunk             |     2 |     5 ||     7
Armor: Robe              |    16 |    19 ||    35
Dodge: Dodged            |    50 |    70 ||   120
